Map: Abyssal Reef LE

Players

Kathoros - Winner!

  • Race: Terran Terran
  • Spawn Location: 11:00

A.I. 1 (Hard)

  • Race: Terran Terran
  • Spawn Location: 5:00

VOD

Have the link to the VOD?

Description

Time

  • Played on: Dec. 18, 2024, 11:14 p.m.
  • Length: 14:02
Show
View Real Time Build Order
Export as new Build Order

Kathoros Terran - Winner!

Build Orders:  

Get SALT Encoding   

  12  0:00  SCV  
  13  0:12  SCV  
  14  0:18  Supply Depot  
  14  0:24  SCV  
  15  0:40  SCV  
  16  0:42  Barracks  
  16  0:52  SCV  
  16  0:53  Refinery  
  17  1:04  SCV  
  18  1:16  SCV  
  19  1:28  SCV  
  20  1:37  Barracks Reactor  
  20  1:42  Command Center  
  20  1:47  Orbital Command  
  20  2:11  Supply Depot  
  20  2:22  Factory, SCV  
  21  2:35  SCV  
  22  2:40  Refinery  
  22  2:41  Marine x2  
  24  2:47  SCV  
  25  2:59  SCV, Marine x2  
  28  3:05  Supply Depot  
  28  3:11  Bunker  
  28  3:12  SCV  
  30  3:15  Orbital Command  
  30  3:18  Marine x2  
  31  3:24  SCV  
  32  3:31  Starport  
  32  3:32  Factory Tech Lab  
  32  3:36  SCV  
  33  3:57  Supply Depot x2  
  33  4:04  SCV x2  
  35  4:13  Marine x2  
  35  4:15  Siege Tank  
  35  4:16  SCV x2  
  42  4:20  Starport Reactor  
  42  4:31  Marine x2  
  44  4:47  Siege Tank  
  44  4:52  SCV x2  
  49  4:53  Marine  
  49  4:54  Marine  
  49  4:59  Supply Depot  
  51  5:00  Supply Depot  
  51  5:04  SCV x2  
  53  5:11  Marine x2  
  55  5:16  SCV x2  
  55  5:19  Medivac, Siege Tank  
  62  5:23  Supply Depot  
  62  5:29  Marine x2  
  63  6:00  Marine x2  
  63  6:02  Siege Tank  
  63  6:03  Medivac  
  70  6:05  Supply Depot  
  70  6:15  SCV x2  
  70  6:16  Refinery  
  70  6:17  Refinery, Marine  
  70  6:18  Marine  
  74  6:27  SCV x2  
  74  6:29  Supply Depot  
  76  6:34  Siege Tank  
  76  6:35  Marine x2  
  81  6:52  Supply Depot  
  81  6:53  Marine  
  82  7:05  Barracks  
  82  7:06  Barracks, SCV x2, Siege Tank  
  82  7:07  Barracks  
  82  7:08  Barracks  
  87  7:10  Marine  
  87  7:11  Marine  
  87  7:14  Medivac x2  
  93  7:18  SCV x2  
  95  7:27  Marine  
  96  7:30  Marine  
  97  7:38  Siege Tank  
  97  7:44  Medivac x2  
  100  7:45  Marine  
  100  7:48  Marine  
  106  7:54  Command Center  
  106  7:59  Supply Depot  
  106  8:03  Marine  
  106  8:04  Barracks Tech Lab, Barracks Reactor x2  
  106  8:05  Barracks Tech Lab  
  107  8:21  Supply Depot  
  107  8:24  Marine x2  
  107  8:25  Marine x2  
  111  8:29  Siege Tank  
  111  8:30  Medivac  
  116  8:34  Stimpack  
  116  8:43  Marauder x2  
  120  8:49  SCV x2  
  120  8:52  Marine  
  120  8:53  Marine x3  
  126  8:59  Medivac, Marine  
  126  9:01  SCV x2, Siege Tank  
  134  9:05  Marauder x2  
  138  9:13  Orbital Command  
  125  9:53  Combat Shield  
  125  10:04  Marauder x2  
  125  10:05  Marine x6  
  135  10:09  Siege Tank  
  135  10:10  Medivac x2  
  140  10:22  Marine  
  140  10:23  Marine x4  
  140  10:24  Supply Depot  
  140  10:26  Marauder x2  
  137  10:40  Medivac x2  
  137  10:41  Siege Tank  
  142  10:47  Supply Depot  
  136  11:12  Supply Depot  
  136  11:14  Marauder x2, Marine x3  
  136  11:15  Marine x3  
  136  11:17  Siege Tank  
  141  11:19  Medivac x2  
  141  11:23  SCV x3  
  148  11:32  Marine x3  
  143  11:34  Supply Depot  
  143  11:35  Marauder x2, SCV x3  
  150  11:47  SCV x2  
  150  11:49  Medivac x2  
  150  11:50  Siege Tank  
  158  11:57  Marauder  
  158  11:58  Orbital Command  
  158  11:59  Supply Depot, SCV x2  
  158  12:01  Marauder  
  164  12:02  Marine x4  
  164  12:03  Marine x2  
  170  12:18  Marauder  
  170  12:20  Marine x2  
  170  12:22  Supply Depot, Marauder  
  176  12:37  Refinery  
  176  12:38  Refinery  
  176  12:42  Command Center  
  176  12:46  Supply Depot  
  176  12:52  Marauder  
  176  12:53  Marauder, Marine x6  
  176  12:57  Siege Tank  
  189  13:11  Marine x4  
  193  13:14  Marauder x2  
  197  13:35  Marauder  
Show
View Real Time Build Order
Export as new Build Order

A.I. 1 (Hard) Terran 

Build Orders:  

Get SALT Encoding   

  12  0:00  SCV  
  13  0:13  SCV  
  14  0:18  Supply Depot  
  14  0:25  SCV  
  15  0:40  SCV  
  16  0:44  Barracks  
  16  0:50  Refinery  
  16  0:52  SCV  
  17  1:04  SCV  
  18  1:16  SCV  
  19  1:22  Supply Depot  
  19  1:29  SCV  
  19  1:31  Marine  
  21  1:42  Barracks, Orbital Command  
  21  1:49  Refinery, Barracks Tech Lab  
  21  2:07  Factory, Marine  
  22  2:24  Supply Depot  
  22  2:33  Marine  
  23  2:39  Marine  
  24  2:51  Marine  
  24  2:53  Supply Depot, Hellion  
  27  3:08  SCV  
  28  3:14  Hellion  
  30  3:20  SCV  
  30  3:24  Engineering Bay  
  31  3:32  SCV  
  32  3:36  Hellion  
  32  3:38  Supply Depot  
  34  3:44  SCV  
  35  3:56  SCV  
  35  3:57  Hellion  
  38  4:08  SCV  
  39  4:18  Hellion  
  41  4:40  Hellion  
  43  4:59  Barracks Tech Lab  
  43  5:00  Terran Infantry Weapons Level 1, Marauder, Stimpack  
  45  5:02  Factory, Factory Tech Lab  
  45  5:06  Starport  
  45  5:15  Starport  
  45  5:16  Supply Depot  
  45  5:17  Combat Shield  
  45  5:21  Marine  
  46  5:25  Marauder  
  46  5:39  Marauder  
  48  5:44  Starport Tech Lab  
  48  5:45  Factory Tech Lab  
  48  5:46  Marine  
  49  5:52  Missile Turret, Starport Tech Lab  
  49  5:53  Command Center, Siege Tank  
  52  6:02  Marine  
  53  6:11  Siege Tank  
  53  6:14  Supply Depot  
  56  6:25  Cyclone  
  59  6:27  Missile Turret  
  59  6:36  Concussive Shells  
  59  6:40  Raven  
  61  6:47  Bunker  
  61  6:54  Terran Infantry Armor Level 1  
  61  7:05  SCV  
  61  7:06  SCV  
  61  7:07  Refinery  
  63  7:10  Raven  
  65  7:17  SCV  
  65  7:18  SCV  
  65  7:19  Barracks  
  65  7:21  Refinery  
  67  7:24  Sensor Tower  
  67  7:29  SCV  
  68  7:30  Armory, SCV  
  69  7:41  SCV  
  69  7:43  SCV  
  71  7:53  SCV  
  71  7:55  SCV  
  73  8:05  Barracks Reactor, SCV  
  73  8:07  SCV  
  75  8:17  SCV  
  75  8:19  SCV  
  77  8:22  Supply Depot  
  77  8:30  SCV  
  77  8:31  SCV  
  79  8:42  SCV  
  79  8:43  SCV  
  81  8:54  SCV  
  81  8:55  SCV  
  83  9:08  Medivac x2, Terran Infantry Weapons Level 2, Marine  
  88  9:10  Supply Depot  
  88  9:12  Marine  
  88  9:17  Marine  
  89  9:18  Infernal Pre-Igniter  
  90  9:31  Command Center, Marine  
  90  9:34  Supply Depot  
  90  9:36  Marauder  
  90  9:38  Medivac, Raven  
  80  9:40  Cyclone  
  80  9:44  Marine  
  81  9:50  Marauder  
  83  10:07  Thor  
  83  10:08  Raven  
  83  10:12  Raven  
  93  10:15  Engineering Bay  
  93  10:21  Marine  
  93  10:25  Hellion  
  80  10:29  Marauder  
  80  10:33  Marauder  
  76  10:42  Viking  
  68  10:47  Hellion  
  71  10:50  Marauder  
  71  10:52  Command Center  
  71  10:53  Marine  
  71  10:54  Marauder  
  67  10:57  Marine  
  49  11:10  Marine  
  31  11:14  SCV, Marine  
  31  11:15  SCV, Marine  
  29  11:18  Marine  
  27  11:28  Marine  
  20  11:33  Marine  
  10  11:53  SCV  
  4  12:05  SCV  
  4  12:08  SCV  
  4  12:17  SCV  
  4  12:22  Factory  
  5  12:24  SCV  
  5  12:29  SCV  
  5  13:15  SCV  
  3  13:27  SCV  
  3  13:30  Factory  
  4  13:39  SCV  
Tags
 
Matchup
TvT
Race
Terran
Spawn Locations
Cross Positions
Add a new tag
Caveats
  • Supply blocks, unpowered buildings, or Contaminate may cause inaccurate times.
  • Supply counts are checked every 10 seconds.